 Dungeon Crawl Stone Soup version 0.29-a0-275-g389c0b56f3 (webtiles) character file.

Game seed: 2408902469805014604

32 Anunax the Conjurer (level 3, -4/16 HPs)
             Began as a Vine Stalker Conjurer on Mar 10, 2022.
             Slain by a worm (9 damage)
             ... on level 1 of the Dungeon.
             The game lasted 00:03:28 (1010 turns).

Anunax the Conjurer (Vine Stalker Conjurer)         Turns: 1010, Time: 00:03:30

Health: -4/16      AC:  2    Str:  9    XL:     3   Next: 27%
Magic:  0/7        EV: 12    Int: 20    God:
Gold:   49         SH:  0    Dex: 12    Spells: 6/7 levels left

rFire   . . .      SeeInvis .   c - +0 spear
rCold   . . .      Faith    .   (no shield)
rNeg    . . .      Spirit   +   a - +0 robe
rPois   .          Reflect  .   (no helmet)
rElec   .          Harm     .   (no cloak)
rCorr   .          Rampage  .   (no gloves)
Will    .....                   (no boots)
Stlth   ++........              (no amulet)
HPRegen 0.05/turn               (no ring)
MPRegen 0.10/turn               (no ring)

@: no status effects
A: fangs 2, magic shield, antimagic bite, no potion heal 2
a: no special abilities


You were on level 1 of the Dungeon.
You visited 1 branch of the dungeon, and saw 1 of its levels.

You collected 49 gold pieces.

Inventory:

Hand Weapons
 c - a +0 spear (weapon)
Armour
 a - a +0 robe (worn)
Scrolls
 d - 2 scrolls of enchant armour {unknown}
Potions
 b - 3 potions of magic
 e - a potion of brilliance {unknown}


   Skills:
 + Level 1.6 Dodging
 + Level 2.6 Stealth
 + Level 2.5 Spellcasting
 + Level 4.8 Conjurations


You had 6 spell levels left.
You knew the following spells:

 Your Spells              Type           Power      Damage    Failure   Level
a - Magic Dart            Conj           84%        1d7       1%          1

Your spell library contained the following spells:

 Spells                   Type           Power      Damage    Failure   Level
 Searing Ray              Conj           42%        2d6       3%          2
 Dazzling Flash           Conj/Hex       24%        N/A       17%         3
 Fulminant Prism          Conj/Hex       6%         3d7       50%         4
 Iskenderun's Mystic Bla  Conj/Tloc      12%        2d5       50%         4


Dungeon Overview and Level Annotations

Branches:
Dungeon (1/15)

Altars:

Shops:
D:1 :


Innate Abilities, Weirdness & Mutations

You have extremely sharp teeth.
When hurt, damage is shared between your health and your magic reserves.
Your bite disrupts and absorbs the magic of your enemies.
Potions cannot restore your health.


Message History

Press: ? - help, Shift-Dir - straight line, f - worm
Aim: a worm (lightly wounded, 100% to hit)
The magic dart hits the worm.
The worm is moderately wounded.
The jelly quivers.
The worm bites you.
Unknown command.
Casting: Magic Dart (safe; 1% risk of failure)
Confirm with . or Enter, or press ? or * to list all spells.
Aiming: Magic Dart (safe; 1% risk of failure)
Press: ? - help, Shift-Dir - straight line, f/p - worm
Aim: a worm (moderately wounded, 100% to hit)
The magic dart hits the worm but does no damage.
The worm is moderately wounded.
The worm bites you.
You hit the worm. You bite the worm, but do no damage.
The worm is moderately wounded.
You hit the worm. You bite the worm. You drain its power.
You feel invigorated.
The worm is severely wounded.
The worm bites you!
Casting: Magic Dart (safe; 1% risk of failure)
Confirm with . or Enter, or press ? or * to list all spells.
Aiming: Magic Dart (safe; 1% risk of failure)
Press: ? - help, Shift-Dir - straight line, f/p - worm
Aim: a worm (severely wounded, 100% to hit)
The magic dart hits the worm.
The worm is severely wounded.
The jackal stops to sniff the ground.
The worm completely misses you.
The endoplasm jiggles.
Casting: Magic Dart (safe; 1% risk of failure)
Confirm with . or Enter, or press ? or * to list all spells.
Aiming: Magic Dart (safe; 1% risk of failure)
Press: ? - help, Shift-Dir - straight line, f/p - worm
Aim: a worm (severely wounded, 100% to hit)
The magic dart hits the worm.
The worm is almost dead.
The worm bites you!
Ouch! That really hurt!
You die...

.....# #....# #............
....[# ######....###.#..........
##.### ##..........^.............
#.# #.........................
##.# #..###+#######'###........
#..# #..#..⌠...>...⌠..#........
...# #..#......<......#..######
...# #..'⌠....###....⌠+..#...#
#..### #..#.....@.......#..#...#
.....# #..#######w#######..#...#
...#.###..#.J.rBrrrrJ.. #......##
......##..#....JJrhJ....#..#.....
.#.#......#.............#..#...##
..........###############..#...#
.#.........................##.##
.#.#.......................##.###
...#...........#.........####.#..


You could see a worm, a jelly, 3 endoplasms, a jackal, a giant cockroach and 5
rats.

Vanquished Creatures
  A gnoll (D:1)
  A ball python (D:1)
  5 endoplasms (D:1)
  A giant cockroach (D:1)
  3 goblins (D:1)
  A hobgoblin (D:1)
  2 kobolds (D:1)
  A quokka (D:1)
  3 bats (D:1)
18 creatures vanquished.

Notes
Turn   | Place    | Note
-------+----------+-------------------------------------------
     0 | D:1      | Anunax the Vine Stalker Conjurer began the quest for the
                  | Orb.
     0 | D:1      | Reached XP level 1. HP: 9/9 MP: 4/4
     1 | D:1      | Found a runed translucent door.
   186 | D:1      | Reached XP level 2. HP: 13/13 MP: 4/6
   524 | D:1      | Found Heneitahysch's Book Boutique.
   536 | D:1      | Reached XP level 3. HP: 16/16 MP: 2/7
  1010 | D:1      | Slain by a worm

Illustrated notes

Levels and vault maps discovered:
D:1:      dpeg_arrival_caged_fury, layout_rooms, serial_shops, shop

Action                   || total
-------------------------++-------
Melee: Unarmed           ||     1
       Spear             ||    10
       Bite              ||     3
       Punch             ||     1
 Cast: Magic Dart        ||    39
Armor: Robe              ||     2
Dodge: Dodged            ||     7

Table legend: (Time is in decaauts)
 A = Elapsed time spent in this place.
 B = Non-inter-level travel time spent in this place.
 C = Inter-level travel time spent in this place.
 D = Time resting spent in this place.
 E = Time spent auto-exploring this place.
 F = Levels seen in this place.
 G = Mean time per level.
                   A        B        C        D        E       F      G
               +--------+--------+--------+--------+--------+-----+--------+
         Total |   1010 |   1010 |      0 |    185 |    726 |   1 | 1010.0 |
       Dungeon |   1010 |   1010 |      0 |    185 |    726 |   1 | 1010.0 |
               +--------+--------+--------+--------+--------+-----+--------+

Top non-repeatable levels by time:
     D:1: 1010 daAuts
